 Dungeon Crawl Stone Soup version 0.29.0-4-gdea44cf6ec (webtiles) character file.

Game seed: 6714664304776310610

17222 qw the Severer (level 12, 0/106 HPs)
             Began as a Minotaur Fighter on Sept 8, 2022.
             Was an Initiate of Ru.
             Slain by a yak (2 damage)
             ... on level 1 of the Lair of Beasts.
             The game lasted 00:04:22 (12392 turns).

qw the Severer (Minotaur Fighter)                  Turns: 12392, Time: 00:04:22

Health: 0/106      AC: 20    Str: 30    XL:     12   Next: 17%
Magic:  11/11      EV:  8    Int:  4    God:    Ru [......]
Gold:   263        SH: 10    Dex: 12    Spells: 11/11 levels left

rFire   . . .      SeeInvis +   Y - +3 broad axe (pain)
rCold   . . .      Faith    .   u - +0 kite shield
rNeg    . . .      Spirit   .   m - +1 plate armour
rPois   .          Reflect  .   (helmet unavailable)
rElec   .          Harm     .   o - +1 cloak
rCorr   .          Rampage  .   j - +1 pair of gloves
Will    .....                   (no boots)
Stlth   ..........              c - amulet of the acrobat
HPRegen 0.27/turn               t - ring of Femot {Wiz Fly Str+7 Dex-4 Slay-2}
MPRegen 0.12/turn               f - ring of see invisible

@: flying
A: horns 3, retaliatory headbutt, agile 1, passive freeze
a: Renounce Religion


You were on level 1 of the Lair of Beasts.
You worshipped Ru.
Ru was noncommittal.
You visited 3 branches of the dungeon, and saw 13 of its levels.

You collected 573 gold pieces.
You spent 310 gold pieces at shops.


Innate Abilities, Weirdness & Mutations

You have a pair of large horns on your head.
You reflexively headbutt those who attack you in melee.
You are agile. (Dex +4, Str/Int -1)
A frigid envelope surrounds you and freezes all who hurt you.


   Skills:
 - Level 10.1 Fighting
 - Level 17.1 Axes
 - Level 5.1 Throwing
 - Level 9.2 Armour
 - Level 4.0 Dodging
 + Level 8.5 Shields


You had 11 spell levels left.
You didn't know any spells.
Your spell library was empty.

Inventory:

Hand Weapons
 a - a +0 demon whip of venom
 Y - a +3 broad axe of pain (weapon)
Missiles
 i - 2 javelins
 n - 7 boomerangs
 q - 3 silver boomerangs (quivered)
 r - a silver javelin
Armour
 j - a +1 pair of gloves (worn)
 m - a +1 plate armour (worn)
 o - a +1 cloak (worn)
 u - a +0 kite shield (worn)
Jewellery
 c - an amulet of the acrobat (around neck)
 f - a ring of see invisible (right hand)
 h - a ring of protection from cold
 t - the ring of Femot (left hand) {Wiz Fly Str+7 Dex-4 Slay-2}
   (You found it on level 11 of the Dungeon)

   [ring of wizardry]

   It improves your spell success rate.
   Str:       It affects your strength (+7).
   Dex:       It affects your dexterity (-4).
   Slay:      It affects your accuracy & damage with ranged weapons and melee
   (-2).
   Fly:       It grants you flight.
Scrolls
 g - 3 scrolls of identify
Potions
 b - a potion of cancellation
 d - 2 potions of might
 e - 10 potions of curing
 k - a potion of mutation
 l - a potion of haste

Dungeon Overview and Level Annotations

Branches:
Dungeon (11/15)            Temple (1/1) D:7            Lair (1/5) D:9
    Orc (0/2) D:10

Altars:
Ashenzari
Cheibriados
Dithmenos
Elyvilon
Fedhas
Gozag
Hepliaklqana
Kikubaaqudgha
Makhleb
Okawaru
Ru
Sif Muna
Trog
Uskayaw
Vehumet
Xom
Yredelemnul
The Shining One

Shops:
D:6 [?   D:9 (   D:11 [

Annotations:
D:3 2 transporters, qw's ghost, amateur MiFi


Message History

The four-headed hydra is moderately wounded.
The four-headed hydra bites you but does no damage.
The four-headed hydra is very cold.
The four-headed hydra seems to slow down.
The four-headed hydra is heavily wounded.
The four-headed hydra bites you!
The four-headed hydra is very cold.
The four-headed hydra seems to slow down.
The four-headed hydra is heavily wounded.
The four-headed hydra bites you but does no damage.
The four-headed hydra is very cold.
The four-headed hydra is severely wounded.
You whack the four-headed hydra!
The four-headed hydra is severely wounded.
You whack the four-headed hydra!
Your headbutt misses the four-headed hydra.
The four-headed hydra is almost dead.
The yak gores you but does no damage.
The yak is very cold.
The yak is moderately wounded.
You block the four-headed hydra's attack.
The four-headed hydra bites you.
The four-headed hydra is very cold.
The four-headed hydra seems to slow down.
The four-headed hydra is almost dead.
The four-headed hydra bites you but does no damage.
The four-headed hydra is very cold.
You kill the four-headed hydra!
Your Shields skill increases to level 8!
12390 ||| SWAPPING to +3 broad axe of pain.
Your +0 demon whip of venom stops dripping with poison.
You have a feeling of ineptitude.
Y - a +3 broad axe of pain (weapon)
You slice the cane toad!!
You kill the cane toad!
You hit the yak. You hit the plant.
The plant begins to die.
The yak gores you but does no damage.
The yak is very cold.
The yak is heavily wounded.
You hit the yak.
The yak is severely wounded.
You slice the plant!! The yak gores you.
You die...

#.. ... .. #.# ## YY
### #.# Y### #.##..#
#YP####.....##
#@##.........#
##%...%......##
#............#
#.....P...P...P##
#........P...P...##
#.......P#.....#P.P#
#####...##..>..##..#
#P...........P.#
##........?....#


You could see a burning bush and 4 yaks.

Vanquished Creatures
  Snorg (D:10)
  A boulder beetle (D:6)
  Erolcha (D:11)
  A hydra (Lair:1)
  Erica (D:9)
  2 two-headed ogres
  Amaemon (D:10)
  Maggie (D:9)
  2 gargoyles (D:11)
  An orange demon (D:10)
  A cane toad (Lair:1)
  Psyche (D:9)
  2 komodo dragons (Lair:1)
  A kobold demonologist (D:11)
  4 yaktaurs (D:11)
  A troll (D:10)
  3 hornets
  Sigmund (D:6)
  2 wyverns
  2 shadows
  11 yaks
  2 steam dragons
  4 vampire mosquitoes (D:10)
  Edmund (D:4)
  An acid dragon (D:11)
  2 water moccasins (D:9)
  Duvessa (D:4)
  2 black bears (D:6)
  4 orc warriors
  3 ice beasts
  4 ogres
  4 centaurs
  A phantom (D:4)
  6 kobold brigands
  Blork the orc (D:6)
  4 bullfrogs
  5 scorpions
  2 gnoll sergeants (D:10)
  A necrophage (D:5)
  3 wights (D:7)
  Dowan (D:4)
  5 killer bees (D:7)
  5 howler monkeys
  6 orc priests
  5 hounds
  A gnoll bouda (D:7)
  5 jellies
  Ijyb (D:3)
  An iguana (D:4)
  10 orc wizards
  A statue (D:9)
  20 gnolls
  4 adders
  A shadow imp (D:7)
  4 white imps
  3 ufetubi
  A worm (D:3)
  4 dart slugs
  43 orcs
  5 bats
  9 endoplasms
  3 giant cockroaches
  6 goblins
  7 hobgoblins
  4 quokkas
  3 ball pythons
  3 frilled lizards
  14 kobolds
  3 rats
270 creatures vanquished.

Vanquished Creatures (others)
  8 fungi (D:9)
  26 plants
34 creatures vanquished.

Grand Total: 304 creatures vanquished

Notes
Turn   | Place    | Note
-------+----------+-------------------------------------------
     0 | D:1      | qw the Minotaur Fighter began the quest for the Orb.
     0 | D:1      | Reached XP level 1. HP: 19/19 MP: 0/0
     0 | D:1      | 0 ||| qw: Version: 0.1-a-112-g44dc6cd
     0 | D:1      | 0 ||| qw: Game counter: 6845
     0 | D:1      | 0 ||| qw: Always use a shield: true
     0 | D:1      | 0 ||| qw: God list: Ru
     0 | D:1      | 0 ||| qw: Allow faded altars: false
     0 | D:1      | 0 ||| qw: Do Orc after D:15 true
     0 | D:1      | 0 ||| qw: Do second Lair branch before Depths: true
     0 | D:1      | 0 ||| qw: Lair rune preference: random
     0 | D:1      | 0 ||| qw: Plans: Normal
     0 | D:1      | 0 ||| PLANNING D:1-11
    84 | D:1      | Reached skill level 3 in Axes
   115 | D:1      | Reached XP level 2. HP: 24/26 MP: 1/1
   373 | D:1      | Reached skill level 4 in Axes
   603 | D:1      | Reached XP level 3. HP: 31/31 MP: 2/2
   625 | D:1      | 625 ||| READING 2 scrolls labelled EHI KIECE BAKEYMM.
   626 | D:1      | 626 ||| READING 3 scrolls labelled QURRIUNEOCS.
   627 | D:1      | 627 ||| READING scroll labelled CONNUB XOEFAA.
   628 | D:1      | 628 ||| DRINKING 4 murky brown potions.
   629 | D:1      | 629 ||| READING 2 scrolls of identify.
   629 | D:1      | 629 ||| IDENTIFYING fuming pink potion
   662 | D:2      | 662 ||| Stepping ~*~*~tactically~*~*~ (stealth).
   670 | D:2      | 670 ||| Stepping ~*~*~tactically~*~*~ (stealth).
  1131 | D:2      | 1131 ||| UPGRADING to +0 plate armour.
  1141 | D:2      | 1141 ||| DROPPING +0 scale mail.
  1142 | D:2      | 1142 ||| READING scroll of enchant armour.
  1142 | D:2      | 1142 ||| ENCHANTING +0 plate armour.
  1143 | D:2      | 1143 ||| DRINKING 2 blue potions.
  1143 | D:2      | Gained mutation: A frigid envelope surrounds you and
                  | freezes all who hurt you. [potion of mutation]
  1143 | D:2      | Gained mutation: You have a pair of large horns on your
                  | head. [potion of mutation]
  1143 | D:2      | Gained mutation: You are agile. (Dex +4, Str/Int -1)
                  | [potion of mutation]
  1219 | D:3      | 1219 ||| DROPPING +0 club.
  1265 | D:3      | 1265 ||| Stepping ~*~*~tactically~*~*~ (hiding).
  1272 | D:3      | Reached skill level 5 in Axes
  1273 | D:3      | Reached XP level 4. HP: 24/39 MP: 3/3
  1276 | D:3      | Reached skill level 1 in Dodging
  1429 | D:3      | Found a transporter.
  1433 | D:3      | Found a transporter.
  1433 | D:3      | Noticed qw's ghost (amateur MiFi)
  1477 | D:3      | Noticed Ijyb
  1478 | D:3      | 1478 ||| Stepping ~*~*~tactically~*~*~ (stealth).
  1498 | D:3      | 1498 ||| Stepping ~*~*~tactically~*~*~ (hiding).
  1504 | D:3      | Killed Ijyb
  1540 | D:3      | 1540 ||| Stepping ~*~*~tactically~*~*~ (hiding).
  1585 | D:3      | Found a shimmering blue altar of Sif Muna.
  1596 | D:3      | Found a bloodstained altar of Trog.
  1687 | D:3      | Reached skill level 6 in Axes
  1732 | D:3      | 1732 ||| DROPPING +0 flail.
  1834 | D:3      | Reached XP level 5. HP: 45/45 MP: 4/4
  2027 | D:3      | 2027 ||| UPGRADING to +0 cloak.
  2032 | D:3      | 2032 ||| READING scroll labelled QUWIHOASEX.
  2033 | D:3      | 2033 ||| READING scroll labelled ZUCUNOCVITEU.
  2034 | D:3      | 2034 ||| READING scroll labelled NAHEONW RISHO.
  2035 | D:3      | 2035 ||| DRINKING 2 metallic green potions.
  2083 | D:3      | 2083 ||| READING 2 scrolls of identify.
  2083 | D:3      | 2083 ||| IDENTIFYING sedimented black potion
  2084 | D:3      | 2084 ||| DROPPING potion of degeneration.
  2085 | D:3      | 2085 ||| DROPPING potion of lignification.
  2115 | D:4      | Noticed a phantom
  2119 | D:4      | 2119 ||| Stepping ~*~*~tactically~*~*~ (stealth).
  2137 | D:4      | Killed a phantom
  2138 | D:4      | Reached skill level 7 in Axes
  2138 | D:4      | Reached XP level 6. HP: 46/51 MP: 5/5
  2303 | D:4      | 2303 ||| Stepping ~*~*~tactically~*~*~ (stealth).
  2366 | D:4      | 2366 ||| Stepping ~*~*~tactically~*~*~ (stealth).
  2367 | D:4      | 2367 ||| Stepping ~*~*~tactically~*~*~ (stealth).
  2368 | D:4      | 2368 ||| Stepping ~*~*~tactically~*~*~ (stealth).
  2373 | D:4      | Reached skill level 8 in Axes
  2374 | D:4      | 2374 ||| Stepping ~*~*~tactically~*~*~ (hiding).
  2378 | D:4      | Noticed Duvessa
  2379 | D:4      | Noticed Dowan
  2380 | D:4      | 2380 ||| Stepping ~*~*~tactically~*~*~ (hiding).
  2386 | D:4      | Killed Duvessa
  2387 | D:4      | Reached XP level 7. HP: 39/59 MP: 6/6
  2388 | D:4      | Killed Dowan
  2389 | D:4      | Reached skill level 9 in Axes
  2586 | D:4      | Noticed Edmund
  2588 | D:4      | 2588 ||| FLEEEEING.
  2589 | D:4      | 2589 ||| FLEEEEING.
  2590 | D:4      | 2590 ||| FLEEEEING.
  2591 | D:4      | 2591 ||| FLEEEEING.
  2592 | D:4      | 2592 ||| FLEEEEING.
  2593 | D:4      | 2593 ||| FLEEEEING.
  2605 | D:4      | 2605 ||| FLEEEEING.
  2614 | D:4      | 2614 ||| FLEEEEING.
  2615 | D:4      | 2615 ||| STAIRDANCE
  2717 | D:3      | 2717 ||| DROPPING orb of wrath.
  2718 | D:3      | 2718 ||| DRINKING 2 fuming grey potions.
  2722 | D:4      | 2722 ||| Stepping ~*~*~tactically~*~*~ (hiding).
  2728 | D:4      | 2728 ||| DRINKING potion of cancellation.
  2732 | D:4      | Killed Edmund
  3001 | D:4      | 3001 ||| READING 2 scrolls of identify.
  3001 | D:4      | 3001 ||| IDENTIFYING smoky yellow potion
  3002 | D:4      | 3002 ||| DROPPING potion of flight.
  3011 | D:5      | Entered Level 5 of the Dungeon
  3031 | D:5      | Noticed a steam dragon
  3034 | D:5      | 3034 ||| Stepping ~*~*~tactically~*~*~ (cloud).
  3035 | D:5      | 3035 ||| Stepping ~*~*~tactically~*~*~ (cloud).
  3037 | D:5      | 3037 ||| Stepping randomly (cloudy).
  3039 | D:5      | Killed a steam dragon
  3338 | D:5      | 3338 ||| READING scroll of enchant armour.
  3338 | D:5      | 3338 ||| ENCHANTING +0 cloak.
  3540 | D:5      | 3540 ||| Stepping ~*~*~tactically~*~*~ (stealth).
  3549 | D:5      | Reached XP level 8. HP: 69/69 MP: 7/7
  3940 | D:5      | 3940 ||| READING 3 scrolls labelled TAIR HAS AMOVY.
  3944 | D:5      | 3944 ||| READING 2 scrolls of identify.
  3944 | D:5      | 3944 ||| IDENTIFYING green potion
  3945 | D:5      | 3945 ||| DROPPING potion of brilliance.
  4023 | D:6      | Noticed Blork the orc
  4027 | D:6      | Reached skill level 10 in Axes
  4032 | D:6      | Killed Blork the orc
  4033 | D:6      | Reached skill level 6 in Fighting
  4034 | D:6      | Noticed Sigmund
  4037 | D:6      | 4037 ||| Stepping ~*~*~tactically~*~*~ (hiding).
  4038 | D:6      | 4038 ||| Stepping ~*~*~tactically~*~*~ (hiding).
  4039 | D:6      | 4039 ||| Stepping ~*~*~tactically~*~*~ (hiding).
  4040 | D:6      | 4040 ||| Stepping ~*~*~tactically~*~*~ (hiding).
  4045 | D:6      | Killed Sigmund
  4052 | D:6      | Reached skill level 11 in Axes
  4053 | D:6      | 4053 ||| Stepping ~*~*~tactically~*~*~ (stealth).
  4056 | D:6      | 4056 ||| Stepping ~*~*~tactically~*~*~ (stealth).
  4061 | D:6      | 4061 ||| FLEEEEING.
  4062 | D:6      | 4062 ||| FLEEEEING.
  4067 | D:6      | 4067 ||| STAIRDANCE
  4177 | D:6      | Reached skill level 3 in Throwing
  4200 | D:6      | 4200 ||| FLEEEEING.
  4201 | D:6      | 4201 ||| FLEEEEING.
  4202 | D:6      | 4202 ||| STAIRDANCE
  4405 | D:6      | Reached XP level 9. HP: 63/75 MP: 8/8
  4527 | D:6      | 4527 ||| Stepping ~*~*~tactically~*~*~ (stealth).
  4554 | D:6      | 4554 ||| DROPPING +1 flail of protection.
  4563 | D:6      | Found Dyatz's Antique Armour Shop.
  4568 | D:6      | 4568 ||| BUYING pair of gloves (121 gold).
  4568 | D:6      | Bought a pair of gloves for 121 gold pieces
  4670 | D:6      | Found Witt's Magic Scroll Shoppe.
  4676 | D:6      | 4676 ||| BUYING scroll of brand weapon (104 gold).
  4676 | D:6      | Bought a scroll of brand weapon for 104 gold pieces
  4676 | D:6      | 4676 ||| BUYING scroll of identify (22 gold).
  4676 | D:6      | Bought a scroll of identify for 22 gold pieces
  4676 | D:6      | 4676 ||| SHOPLISTING scroll of identify (22 gold, have 21).
  4676 | D:6      | 4676 ||| SHOPLISTING scroll of teleportation (33 gold, have
                  | 21).
  4676 | D:6      | 4676 ||| READING scroll of brand weapon.
  4676 | D:6      | 4676 ||| BRANDING +0 war axe.
  4783 | D:6      | Noticed a boulder beetle
  4788 | D:6      | Reached skill level 12 in Axes
  4800 | D:6      | HP: 6/78 [boulder beetle (17)]
  4801 | D:6      | 4801 ||| READING 2 scrolls of teleportation.
  4803 | D:6      | 4803 ||| DRINKING potion of heal wounds.
  4871 | D:6      | 4871 ||| Stepping ~*~*~tactically~*~*~ (stealth).
  4887 | D:6      | Killed a boulder beetle
  4888 | D:6      | Reached skill level 9 in Fighting
  5131 | D:6      | 5131 ||| Stepping ~*~*~tactically~*~*~ (hiding).
  5137 | D:6      | Reached skill level 3 in Dodging
  5272 | D:6      | 5272 ||| UPGRADING to +0 pair of gloves.
  5277 | D:6      | 5277 ||| UPGRADING to ring of protection from cold.
  5278 | D:6      | 5278 ||| READING scroll labelled ONAAHI YCHAQEI.
  5279 | D:6      | 5279 ||| READING 2 scrolls of identify.
  5279 | D:6      | 5279 ||| IDENTIFYING fizzy sapphire potion
  5310 | D:7      | 5310 ||| Stepping ~*~*~tactically~*~*~ (hiding).
  5319 | D:7      | 5319 ||| Stepping ~*~*~tactically~*~*~ (hiding).
  5580 | D:7      | 5580 ||| Stepping ~*~*~tactically~*~*~ (hiding).
  5637 | D:7      | Found a staircase to the Ecumenical Temple.
  5639 | D:7      | 5639 ||| PLANNING TEMPLE
  5654 | Temple   | Entered the Ecumenical Temple
  5672 | Temple   | Became a worshipper of Ru the Awakened
  5674 | Temple   | 5674 ||| PLANNING D:1-11
  5711 | D:7      | Reached skill level 6 in Armour
  5787 | D:7      | Noticed a rust devil
  5790 | D:7      | 5790 ||| Stepping ~*~*~tactically~*~*~ (hiding).
  5791 | D:7      | 5791 ||| Stepping ~*~*~tactically~*~*~ (hiding).
  5792 | D:7      | 5792 ||| Stepping ~*~*~tactically~*~*~ (hiding).
  5898 | D:7      | 5898 ||| Stepping ~*~*~tactically~*~*~ (hiding).
  6021 | D:7      | 6021 ||| Stepping ~*~*~tactically~*~*~ (stealth).
  6025 | D:7      | 6025 ||| Stepping ~*~*~tactically~*~*~ (stealth).
  6112 | D:7      | Noticed an angel
  6246 | D:7      | Reached skill level 13 in Axes
  6246 | D:7      | Reached XP level 10. HP: 84/91 MP: 9/9
  6309 | D:7      | Identified the +1 robe "Nentob" {+Inv rN++ Will+ Str-2}
  6594 | D:7      | 6594 ||| READING 2 scrolls labelled UDEXITHOREB.
  6595 | D:7      | 6595 ||| READING scroll of enchant weapon.
  6595 | D:7      | 6595 ||| ENCHANTING +1 war axe of electrocution.
  6596 | D:7      | 6596 ||| READING 2 scrolls of identify.
  6596 | D:7      | 6596 ||| IDENTIFYING grey potion
  6597 | D:7      | 6597 ||| DROPPING potion of ambrosia.
  7326 | D:8      | 7326 ||| Stepping ~*~*~tactically~*~*~ (hiding).
  7350 | D:8      | Found a hide-covered altar of Uskayaw.
  7351 | D:8      | Found a shimmering altar of Xom.
  7501 | D:8      | 7501 ||| Stepping ~*~*~tactically~*~*~ (stealth).
  7502 | D:8      | 7502 ||| INVOKING Reject Sacrifices.
  7611 | D:8      | 7611 ||| DROPPING +1 cloak.
  7612 | D:8      | 7612 ||| READING scroll labelled TILUKHL KOWNY.
  7703 | D:9      | 7703 ||| Stepping ~*~*~tactically~*~*~ (hiding).
  7704 | D:9      | 7704 ||| Stepping ~*~*~tactically~*~*~ (hiding).
  7706 | D:9      | 7706 ||| Stepping ~*~*~tactically~*~*~ (hiding).
  7707 | D:9      | 7707 ||| Stepping ~*~*~tactically~*~*~ (stealth).
  7767 | D:9      | 7767 ||| Stepping ~*~*~tactically~*~*~ (stealth).
  7772 | D:9      | 7772 ||| Stepping ~*~*~tactically~*~*~ (stealth).
  7782 | D:9      | 7782 ||| Stepping ~*~*~tactically~*~*~ (stealth).
  7785 | D:9      | Reached skill level 14 in Axes
  7795 | D:9      | 7795 ||| Stepping ~*~*~tactically~*~*~ (stealth).
  7882 | D:9      | Noticed Psyche
  7884 | D:9      | Paralysed by Psyche for 3 turns
  7888 | D:9      | Killed Psyche
  7978 | D:9      | Found Yvyagrath's Weapon Shop.
  8089 | D:9      | Found an opulent altar of Gozag.
  8201 | D:9      | 8201 ||| Stepping ~*~*~tactically~*~*~ (stealth).
  8203 | D:9      | 8203 ||| Stepping ~*~*~tactically~*~*~ (hiding).
  8213 | D:9      | Noticed Maggie
  8214 | D:9      | 8214 ||| Stepping ~*~*~tactically~*~*~ (stealth).
  8225 | D:9      | Killed Maggie
  8262 | D:9      | 8262 ||| SWAPPING to +2 broad axe of pain.
  8263 | D:9      | 8263 ||| DROPPING +2 war axe of electrocution.
  8398 | D:9      | Found a glowing golden altar of the Shining One.
  8411 | D:9      | Noticed Erica
  8416 | D:9      | Killed Erica
  8417 | D:9      | Reached skill level 15 in Axes
  8470 | D:9      | Found a radiant altar of Vehumet.
  8579 | D:9      | Found a staircase to the Lair.
  8783 | D:10     | Entered Level 10 of the Dungeon
  8786 | D:10     | 8786 ||| STAIRDANCE
  8794 | D:10     | 8794 ||| STAIRDANCE
  8801 | D:10     | 8801 ||| STAIRDANCE
  8810 | D:9      | Reached XP level 11. HP: 97/97 MP: 10/10
  8838 | D:10     | 8838 ||| Stepping ~*~*~tactically~*~*~ (stealth).
  8839 | D:10     | 8839 ||| Stepping ~*~*~tactically~*~*~ (stealth).
  8842 | D:10     | 8842 ||| Stepping ~*~*~tactically~*~*~ (hiding).
  8891 | D:10     | 8891 ||| Stepping ~*~*~tactically~*~*~ (stealth).
  8894 | D:10     | 8894 ||| Stepping ~*~*~tactically~*~*~ (stealth).
  8895 | D:10     | 8895 ||| Stepping ~*~*~tactically~*~*~ (stealth).
  8946 | D:10     | 8946 ||| Stepping ~*~*~tactically~*~*~ (stealth).
  8957 | D:10     | Noticed a two-headed ogre
  8969 | D:10     | Killed a two-headed ogre
  8970 | D:10     | Reached skill level 16 in Axes
  9189 | D:10     | 9189 ||| READING scroll of enchant weapon.
  9189 | D:10     | 9189 ||| ENCHANTING +2 broad axe of pain.
  9192 | D:10     | 9192 ||| READING scroll of enchant armour.
  9192 | D:10     | 9192 ||| ENCHANTING +0 pair of gloves.
  9364 | D:10     | Found a staircase to the Orcish Mines.
  9377 | D:10     | HP: 10/97 [ogre/+0 giant spiked club (22)]
  9378 | D:10     | 9378 ||| READING scroll of teleportation.
  9379 | D:10     | 9379 ||| DRINKING 3 potions of heal wounds.
  9380 | D:10     | 9380 ||| DRINKING 2 potions of heal wounds.
  9398 | D:10     | 9398 ||| FLEEEEING.
  9399 | D:10     | 9399 ||| FLEEEEING.
  9400 | D:10     | 9400 ||| FLEEEEING.
  9402 | D:10     | HP: 23/97 [poisoned by a kobold brigand (curare-tipped
                  | dart)]
  9403 | D:10     | 9403 ||| DRINKING potion of heal wounds.
  9474 | D:10     | 9474 ||| FLEEEEING.
  9488 | D:10     | 9488 ||| FLEEEEING.
  9489 | D:10     | 9489 ||| FLEEEEING.
  9491 | D:10     | 9491 ||| FLEEEEING.
  9492 | D:10     | 9492 ||| FLEEEEING.
  9493 | D:10     | 9493 ||| FLEEEEING.
  9494 | D:10     | 9494 ||| FLEEEEING.
  9495 | D:10     | 9495 ||| FLEEEEING.
  9497 | D:10     | 9497 ||| FLEEEEING.
  9498 | D:10     | 9498 ||| FLEEEEING.
  9499 | D:10     | 9499 ||| FLEEEEING.
  9501 | D:10     | 9501 ||| FLEEEEING.
  9502 | D:10     | 9502 ||| FLEEEEING.
  9503 | D:10     | 9503 ||| FLEEEEING.
  9504 | D:10     | 9504 ||| FLEEEEING.
  9505 | D:10     | 9505 ||| FLEEEEING.
  9506 | D:10     | 9506 ||| FLEEEEING.
  9507 | D:10     | 9507 ||| FLEEEEING.
  9508 | D:10     | 9508 ||| FLEEEEING.
  9509 | D:10     | 9509 ||| STAIRDANCE
  9650 | D:9      | 9650 ||| READING scroll labelled SYALAN MUALL.
  9830 | D:9      | 9830 ||| READING scroll labelled HIRCHI DUHO.
  9943 | D:10     | Reached skill level 6 in Shields
 10129 | D:10     | Noticed Amaemon
 10130 | D:10     | 10130 ||| Stepping ~*~*~tactically~*~*~ (hiding).
 10135 | D:10     | Killed Amaemon
 10141 | D:10     | Reached skill level 9 in Armour
 10376 | D:10     | 10376 ||| DROPPING +0 morningstar.
 10454 | D:10     | Noticed Snorg
 10464 | D:10     | Killed Snorg
 10614 | D:10     | 10614 ||| Stepping ~*~*~tactically~*~*~ (hiding).
 10672 | D:10     | 10672 ||| Stepping ~*~*~tactically~*~*~ (stealth).
 10675 | D:10     | 10675 ||| Stepping ~*~*~tactically~*~*~ (stealth).
 10700 | D:10     | 10700 ||| READING 4 scrolls of identify.
 10700 | D:10     | 10700 ||| IDENTIFYING fuming ruby potion
 10701 | D:10     | 10701 ||| DROPPING potion of attraction.
 10735 | D:11     | Noticed a two-headed ogre
 10743 | D:11     | Killed a two-headed ogre
 10744 | D:11     | 10744 ||| STAIRDANCE
 10925 | D:11     | 10925 ||| Stepping ~*~*~tactically~*~*~ (stealth).
 10927 | D:11     | 10927 ||| Stepping ~*~*~tactically~*~*~ (hiding).
 11024 | D:11     | 11024 ||| Stepping ~*~*~tactically~*~*~ (stealth).
 11028 | D:11     | 11028 ||| Stepping ~*~*~tactically~*~*~ (stealth).
 11034 | D:11     | 11034 ||| FLEEEEING.
 11103 | D:11     | Reached skill level 17 in Axes
 11120 | D:11     | 11120 ||| Stepping ~*~*~tactically~*~*~ (hiding).
 11129 | D:11     | 11129 ||| Stepping ~*~*~tactically~*~*~ (stealth).
 11137 | D:11     | 11137 ||| Stepping ~*~*~tactically~*~*~ (hiding).
 11509 | D:11     | Noticed Erolcha
 11520 | D:11     | Killed Erolcha
 11823 | D:11     | 11823 ||| Stepping ~*~*~tactically~*~*~ (hiding).
 11977 | D:11     | Identified the ring of Femot {Wiz Fly Str+7 Dex-4 Slay-2}
 12003 | D:11     | Found Wovulosm's Armour Shop.
 12012 | D:11     | 12012 ||| BUYING +0 kite shield (63 gold).
 12012 | D:11     | Bought a +0 kite shield for 63 gold pieces
 12012 | D:11     | 12012 ||| SHOPLISTING scarf of resistance (448 gold, have
                  | 248).
 12157 | D:11     | 12157 ||| PLANNING LAIR
 12157 | D:11     | 12157 ||| UPGRADING to +0 kite shield.
 12167 | D:11     | 12167 ||| DROPPING +0 buckler.
 12168 | D:11     | 12168 ||| UPGRADING to ring of see invisible.
 12169 | D:11     | 12169 ||| UPGRADING to ring of Femot {Wiz Fly Str+7 Dex-4
                  | Slay-2}.
 12171 | D:11     | 12171 ||| READING scroll labelled FIORPH BYIHI.
 12272 | D:11     | 12272 ||| READING scroll labelled JIETETHIK.
 12272 | D:11     | Identified a scroll of acquirement
 12272 | D:11     | 12272 ||| ACQUIRING amulet of the acrobat
 12272 | D:11     | Acquired an amulet of the acrobat
 12274 | D:11     | 12274 ||| UPGRADING to amulet of the acrobat.
 12351 | Lair:1   | Entered Level 1 of the Lair of Beasts
 12354 | Lair:1   | Noticed a four-headed hydra
 12357 | Lair:1   | Reached XP level 12. HP: 99/106 MP: 11/11
 12359 | Lair:1   | 12359 ||| SWAPPING to +0 demon whip of venom.
 12360 | Lair:1   | 12360 ||| Stepping ~*~*~tactically~*~*~ (outnumbered).
 12361 | Lair:1   | 12361 ||| Stepping ~*~*~tactically~*~*~ (outnumbered).
 12362 | Lair:1   | 12362 ||| Stepping ~*~*~tactically~*~*~ (outnumbered).
 12363 | Lair:1   | 12363 ||| Stepping ~*~*~tactically~*~*~ (outnumbered).
 12364 | Lair:1   | 12364 ||| Stepping ~*~*~tactically~*~*~ (outnumbered).
 12365 | Lair:1   | 12365 ||| Stepping ~*~*~tactically~*~*~ (outnumbered).
 12366 | Lair:1   | 12366 ||| Stepping ~*~*~tactically~*~*~ (outnumbered).
 12367 | Lair:1   | 12367 ||| Stepping ~*~*~tactically~*~*~ (outnumbered).
 12368 | Lair:1   | 12368 ||| Stepping ~*~*~tactically~*~*~ (outnumbered).
 12369 | Lair:1   | 12369 ||| SWAPPING to +3 broad axe of pain.
 12370 | Lair:1   | 12370 ||| SWAPPING to +0 demon whip of venom.
 12372 | Lair:1   | 12372 ||| Stepping ~*~*~tactically~*~*~ (outnumbered).
 12373 | Lair:1   | 12373 ||| Stepping ~*~*~tactically~*~*~ (outnumbered).
 12374 | Lair:1   | 12374 ||| Stepping ~*~*~tactically~*~*~ (outnumbered).
 12375 | Lair:1   | 12375 ||| Stepping ~*~*~tactically~*~*~ (outnumbered).
 12376 | Lair:1   | 12376 ||| SWAPPING to +3 broad axe of pain.
 12377 | Lair:1   | 12377 ||| SWAPPING to +0 demon whip of venom.
 12385 | Lair:1   | HP: 24/106 [four-headed hydra (6)]
 12387 | Lair:1   | HP: 2/106 [four-headed hydra (12)]
 12389 | Lair:1   | Killed a four-headed hydra
 12390 | Lair:1   | 12390 ||| SWAPPING to +3 broad axe of pain.
 12392 | Lair:1   | Slain by a yak

Levels and vault maps discovered:
D:1:      minmay_arrival_four_circles, layout_rooms
D:2:      layout_rooms, fountainhead
D:3:      layout_basic, nzn_overflow_gifts_of_might_and_magic,
          gammafunk_ghost_arena, minmay_crystal_water, uniq_ijyb
D:4:      layout_cave_pools, uniq_duvessa, uniq_crazy_yiuf_cottage, uniq_edmund
D:5:      layout_loops_corners, chequers_garden
D:6:      layout_cave_pools, serial_shops, nicolae_shop_hallway_stairs, shop,
          minmay_divided_ellipse, uniq_blork_the_orc, uniq_sigmund
D:7:      layout_loops_corners, temple_garden, lemuel_flame_loot_1
D:8:      layout_loops_ring, mainiacjoe_overflow_divided_tiny,
          roderic_serpentine_path
D:9:      layout_loops_ring, mainiacjoe_overflow_24_doors, tso_oasis_becter,
          vehumet_statue, grunt_lair_entry_orc_guard_hut, serial_shops,
          nicolae_lakefront_shop, serial_glass, glass_columns_a,
          glass_columns_c, uniq_maggie, uniq_psyche, uniq_erica
D:10:     layout_loops_ring, kennysheep_orc_monster_closet_entryway,
          lightli_orcish_oven, uniq_amaemon, uniq_snorg
D:11:     layout_loops_ring, serial_shops, shop, uniq_erolcha
Temple:   eino_wide_crystal_templ
Lair:1:   layout_cave_pods, hellmonk_ghost_happy_afterlife, evilmike_ambush
          [evilmike_ambush_outer_corners, evilmike_ambush_inner_basic],
          infiniplex_staircase_pool_2, uniq_gastronok

Skill      XL: |  1  2  3  4  5  6  7  8  9 10 11 12 |
---------------+-------------------------------------+-----
Axes           | 3 4 5 6 7 8 9 11 13 15 17 | 17.1
Dodging        | 1 2 3 4 |  4.0
Fighting       | 4 5 6 9 10 | 10.1
Throwing       | 2 3 4 5 |  5.1
Armour         | 5 6 8 9 |  9.2
Shields        | 4 5 6 8 |  8.5

Action                   |  1- 3 |  4- 6 |  7- 9 | 10-12 || total
-------------------------+-------+-------+-------+-------++-------
Melee: War axe           |    68 |    58 |   150 |    62 ||   338
       Headbutt          |     6 |     9 |    36 |    46 ||    97
       Broad axe         |       |       |       |   159 ||   159
       Demon whip        |       |       |       |    13 ||    13
Throw: Boomerang         |       |     6 |       |    38 ||    44
       Javelin           |       |       |    33 |    22 ||    55
Invok: Reject Sacrifices |       |       |       |     1 ||     1
  Use: Scroll            |     5 |     4 |     8 |    12 ||    29
       Potion            |     2 |     1 |     3 |     3 ||     9
 Stab: Distracted        |       |     1 |       |       ||     1
Armor: Scale mail        |    18 |       |       |       ||    18
       Plate armour      |     1 |    28 |    89 |   114 ||   232
Dodge: Dodged            |    26 |    14 |    33 |    85 ||   158
Block: Buckler           |     7 |    15 |    26 |    46 ||    94
       Kite shield       |       |       |       |    12 ||    12

Table legend:
 A = Non-vault XP
 B = Vault XP
 C = Vault XP percentage of total XP
 D = Non-vault monster count
 E = Vault monster count
 F = Vault count percentage of total count
                 A         B        C        D         E       F
            +---------+---------+-------+---------+---------+-------
      Total |   15531 |    9072 |  36.9 |     212 |      58 |  21.5
            +---------+---------+-------+---------+---------+-------
        D:1 |      41 |       0 |   0.0 |      19 |       0 |   0.0
        D:2 |      24 |       0 |   0.0 |      13 |       0 |   0.0
        D:3 |      70 |      62 |  47.0 |      16 |       3 |  15.8
        D:4 |     451 |     359 |  44.3 |      20 |       3 |  13.0
        D:5 |     620 |       0 |   0.0 |      17 |       0 |   0.0
        D:6 |     737 |    2190 |  74.8 |      13 |      15 |  53.6
        D:7 |    1269 |       0 |   0.0 |      31 |       0 |   0.0
        D:8 |    1168 |       0 |   0.0 |      15 |       0 |   0.0
        D:9 |    1604 |    2153 |  57.3 |      21 |       8 |  27.6
       D:10 |    2486 |    3441 |  58.1 |      19 |      28 |  59.6
       D:11 |    3745 |     867 |  18.8 |      17 |       1 |   5.6
     Lair:1 |    3316 |       0 |   0.0 |      11 |       0 |   0.0
            +---------+---------+-------+---------+---------+-------
